[Event "DVM U12w 2024"]
[Site "Bad Homburg"]
[Date "2024.12.29"]
[Round "6"]
[White "Glotz, Katharina"]
[Black "Lange, Lene Marie"]
[Result "1-0"]
[ECO "C42"]
[WhiteElo "1656"]
[BlackElo "1501"]
[Annotator "NA RC"]
[PlyCount "61"]
[EventDate "2024.12.23"]
[EventType "team-tourn"]
[EventRounds "7"]
[EventCountry "GER"]
[SourceTitle "playchess.com"]
[Source "ChessBase"]
[SourceQuality "1"]
[TimeControl "40/5400+30:1800+30"]

1. e4 e5 2. Nf3 Nf6 3. Nxe5 d6 4. Nf3 Nxe4 5. c4 Be6 6. d4 Qe7 7. Be3 g6 8. Bd3 f5 9. O-O Nd7 10. Nbd2 Nef6 11. Rb1 Bg7 12. Re1 O-O 13. a3 a6 14. d5 Bf7 15. Bf4 Qd8 16. Nb3 Re8 17. Be2 b5 18. Qd2 bxc4 19. Bxc4 Nb6 20. Rxe8+ Nxe8 21. Bd3 Bxd5 22. Nbd4 Bxf3 23. Nxf3 Nd5 24. Bc4 c6 25. Nd4 Bxd4 26. Qxd4 Nec7 27. Re1 Qd7 28. Bh6 Rb8 29. Qf6 Qf7 30. Qxd6 Rxb2 31. Qd8+ 1-0

[Event "DVM U12w 2024"]
[Site "Bad Homburg"]
[Date "2024.12.29"]
[Round "6"]
[White "Noennig, Lotte"]
[Black "Frydel, Helena"]
[Result "0-1"]
[ECO "B89"]
[WhiteElo "1635"]
[BlackElo "1514"]
[Annotator "NA RC"]
[PlyCount "96"]
[EventDate "2024.12.23"]
[EventType "team-tourn"]
[EventRounds "7"]
[EventCountry "GER"]
[SourceTitle "playchess.com"]
[Source "ChessBase"]
[SourceQuality "1"]
[TimeControl "40/5400+30:1800+30"]

1. e4 c5 2. Nf3 d6 3. d4 cxd4 4. Nxd4 Nf6 5. Nc3 Nc6 6. Be3 Bd7 7. Bc4 e6 8. Qd2 Nxe4 9. Nxe4 d5 10. Bxd5 exd5 11. Nc3 Bb4 12. O-O O-O 13. a3 Bxc3 14. Qxc3 h6 15. Rad1 Rc8 16. Qb3 Nxd4 17. Bxd4 Bc6 18. Bxa7 Qf6 19. Bd4 Qg6 20. Rd3 f6 21. h3 Qe8 22. Re3 Qg6 23. Rfe1 Rfe8 24. c3 Rxe3 25. Rxe3 Qb1+ 26. Kh2 Kf7 27. c4 Qf5 28. cxd5 Bxd5 29. Qd1 Rc2 30. Rd3 Qf4+ 31. Kg1 Rc1 32. Be3 Rxd1+ 33. Rxd1 Qe4 34. Kf1 Qxg2+ 35. Ke1 Qh1+ 36. Kd2 Qxh3 37. Rc1 Qd7 38. Ke1 g5 39. b4 h5 40. Rb1 Be4 41. Rd1 Qa4 42. Ra1 g4 43. Ke2 Qb5+ 44. Ke1 Bf3 45. Ra2 Qc4 46. Rb2 Qc3+ 47. Rd2 Qc1+ 48. Rd1 Qxd1# 0-1

[Event "DVM U12w 2024"]
[Site "Bad Homburg"]
[Date "2024.12.29"]
[Round "6"]
[White "Bayer, Klara"]
[Black "Mersmann, Jasmin"]
[Result "1-0"]
[ECO "D61"]
[WhiteElo "1618"]
[BlackElo "1527"]
[Annotator "NA RC"]
[PlyCount "131"]
[EventDate "2024.12.23"]
[EventType "team-tourn"]
[EventRounds "7"]
[EventCountry "GER"]
[SourceTitle "playchess.com"]
[Source "ChessBase"]
[SourceQuality "1"]
[TimeControl "40/5400+30:1800+30"]

1. d4 d5 2. c4 e6 3. Nc3 Nf6 4. Bg5 Be7 5. e3 O-O 6. Nf3 Nbd7 7. Qc2 h6 8. Bf4 a6 9. c5 Nh5 10. Be5 Nxe5 11. Nxe5 Nf6 12. Bd3 Nd7 13. Nxd7 Bxd7 14. O-O b6 15. b4 b5 16. a4 c6 17. Kh1 Kh8 18. a5 Bf6 19. Ne2 e5 20. f3 Qc7 21. Qb2 Rae8 22. Nc3 exd4 23. exd4 Re3 24. Rad1 Rfe8 25. Bb1 Qf4 26. Qd2 Qc7 27. Ba2 Qb7 28. Qc2 g6 29. Qc1 Kg7 30. Bb1 Qc8 31. Ba2 Qb7 32. Rd2 Bg5 33. f4 Bxf4 34. Rdf2 Rf3 35. Qb2 Rxf2 36. Qxf2 Bb8 37. Qxf7+ Kh8 38. Qxg6 Qc8 39. Qxh6+ Kg8 40. Kg1 Rf8 41. Nxd5 Rxf1+ 42. Kxf1 Qf8+ 43. Qxf8+ Kxf8 44. Nb6 Bf5 45. h3 Ke8 46. d5 cxd5 47. Bxd5 Be5 48. g4 Bd3+ 49. Kf2 Bc3 50. Bc6+ Kd8 51. Nd5 Bd2 52. Kf3 Bc4 53. Ke4 Bxd5+ 54. Kxd5 Kc7 55. Be8 Bxb4 56. g5 Bxa5 57. g6 Bc3 58. h4 b4 59. Kc4 Kd8 60. Ba4 Ke7 61. h5 Kf6 62. Be8 a5 63. c6 Be5 64. h6 Ke7 65. g7 Bxg7 66. hxg7 1-0

[Event "DVM U12w 2024"]
[Site "Bad Homburg"]
[Date "2024.12.29"]
[Round "6"]
[White "Hendler, Felicitas"]
[Black "Busch, Lara Sophie"]
[Result "0-1"]
[ECO "C36"]
[WhiteElo "1610"]
[BlackElo "1625"]
[Annotator "NA RC"]
[PlyCount "69"]
[EventDate "2024.12.23"]
[EventType "team-tourn"]
[EventRounds "7"]
[EventCountry "GER"]
[SourceTitle "playchess.com"]
[Source "ChessBase"]
[SourceQuality "1"]
[TimeControl "40/5400+30:1800+30"]

1. e4 e5 2. f4 d5 3. exd5 exf4 4. Nf3 Nf6 5. Nc3 Nxd5 6. Nxd5 Qxd5 7. d4 Bd6 8. c4 Qe4+ 9. Be2 Bb4+ 10. Bd2 Bxd2+ 11. Qxd2 O-O 12. O-O Qe3+ 13. Kh1 Bg4 14. Qd3 Bxf3 15. Rxf3 Qxd3 16. Bxd3 g5 17. h4 f6 18. Be4 Nc6 19. Bxc6 bxc6 20. g3 Rad8 21. Rd1 fxg3 22. Rxg3 h6 23. d5 Rd6 24. Kh2 Re8 25. Rg2 Kf7 26. hxg5 hxg5 27. Kh3 Re3+ 28. Kg4 Re4+ 29. Kh3 Rxc4 30. Rgd2 cxd5 31. Rxd5 Ke6 32. Rxd6+ cxd6 33. Re1+ Kf5 34. Rf1+ Rf4 35. Ra1 0-1

[Event "DVM U12w 2024"]
[Site "Bad Homburg"]
[Date "2024.12.29"]
[Round "6"]
[White "Sobczak, Zuzanna"]
[Black "Xu, Dorothea Sicheng"]
[Result "1-0"]
[ECO "C55"]
[WhiteElo "1598"]
[BlackElo "1585"]
[Annotator "NA RC"]
[PlyCount "129"]
[EventDate "2024.12.23"]
[EventType "team-tourn"]
[EventRounds "7"]
[EventCountry "GER"]
[SourceTitle "playchess.com"]
[Source "ChessBase"]
[SourceQuality "1"]
[TimeControl "40/5400+30:1800+30"]

1. e4 e5 2. Nf3 Nc6 3. Bc4 Nf6 4. Nc3 Nxe4 5. Nxe4 d5 6. Bd3 dxe4 7. Bxe4 Bd6 8. d3 h6 9. h3 Be6 10. Qe2 Qe7 11. Bxc6+ bxc6 12. Nxe5 Bxe5 13. Qxe5 O-O 14. O-O Rfd8 15. Qg3 Qf6 16. Bf4 Rd5 17. Rfe1 Rb8 18. Bxc7 Rb7 19. Be5 Qg5 20. Qxg5 hxg5 21. Bc3 g4 22. hxg4 Bxg4 23. Re8+ Kh7 24. f3 Be6 25. Kf2 Rh5 26. Ra8 Rc7 27. Re1 c5 28. Re5 Rxe5 29. Bxe5 Rd7 30. Rc8 Bxa2 31. Rxc5 Be6 32. Ra5 Rb7 33. Bd4 Rb4 34. Ke3 Kg8 35. Rxa7 Rb8 36. c4 Kf8 37. Bc5+ Ke8 38. b4 Kd8 39. b5 g6 40. b6 Bc8 41. Bd6 Rb7 42. Rxb7 Bxb7 43. Bc7+ Kd7 44. d4 Kc6 45. Ke4 f6 46. c5 Kd7+ 47. d5 Kc8 48. c6 Ba6 49. Bd6 f5+ 50. Ke5 f4 51. b7+ Bxb7 52. cxb7+ Kxb7 53. Be7 Kc7 54. Ke6 Kb6 55. d6 Kc5 56. d7+ Kd4 57. d8=Q+ Ke3 58. Bc5+ Ke2 59. Qd4 g5 60. Bb4 Kf1 61. Qd2 Kg1 62. Kf5 Kh1 63. Kg4 Kh2 64. g3+ Kg1 65. Bc5+ 1-0

[Event "DVM U12w 2024"]
[Site "Bad Homburg"]
[Date "2024.12.29"]
[Round "6"]
[White "Wolf, Helena"]
[Black "Suryaprakash, Smrithi"]
[Result "1-0"]
[ECO "B92"]
[WhiteElo "1582"]
[BlackElo "1527"]
[Annotator "NA RC"]
[PlyCount "80"]
[EventDate "2024.12.23"]
[EventType "team-tourn"]
[EventRounds "7"]
[EventCountry "GER"]
[SourceTitle "playchess.com"]
[Source "ChessBase"]
[SourceQuality "1"]
[TimeControl "40/5400+30:1800+30"]

1. e4 c5 2. Nf3 d6 3. d4 cxd4 4. Nxd4 Nf6 5. Nc3 a6 6. Be3 e5 7. Nb3 Be6 8. f3 Nbd7 9. Be2 Be7 10. O-O O-O 11. Qd2 Qc7 12. Rac1 Nc5 13. Rfd1 Rfd8 14. Qe1 d5 15. exd5 Bxd5 16. Qf2 Rac8 17. Nxd5 Nxd5 18. Bxc5 Bxc5 19. Nxc5 Qxc5 20. Qxc5 Rxc5 21. c4 Rdc8 22. b3 g6 23. Rd2 f5 24. a3 Nf4 25. Bf1 e4 26. fxe4 fxe4 27. Rd4 Re5 28. Re1 Rce8 29. Re3 R8e7 30. g3 Nh5 31. Bg2 Nf6 32. h3 Kf7 33. Kf2 Rf5+ 34. Kg1 Rfe5 35. Kf2 h5 36. Kg1 g5 37. Kf2 Kg6 38. Kg1 Kf5 39. Kf2 h4 40. g4+ Kf4 1-0

[Event "DVM U12w 2024"]
[Site "Bad Homburg"]
[Date "2024.12.29"]
[Round "6"]
[White "Brandt, Hilda"]
[Black "Zietz, Leni"]
[Result "0-1"]
[ECO "D00"]
[WhiteElo "1556"]
[BlackElo "1071"]
[Annotator "NA RC"]
[PlyCount "55"]
[EventDate "2024.12.23"]
[EventType "team-tourn"]
[EventRounds "7"]
[EventCountry "GER"]
[SourceTitle "playchess.com"]
[Source "ChessBase"]
[SourceQuality "1"]
[TimeControl "40/5400+30:1800+30"]

1. d4 d5 2. Nc3 Nf6 3. Bf4 Bd7 4. e3 e6 5. Nf3 Bb4 6. Ne5 Ne4 7. Qd3 O-O 8. f3 Nxc3 9. bxc3 Bd6 10. c4 Nc6 11. Be2 Nb4 12. Qb3 Qe8 13. c5 Bxe5 14. Bxe5 Nc6 15. Bxc7 Qc8 16. Bd6 Re8 17. Rb1 Na5 18. Qb2 Qd8 19. O-O Qg5 20. e4 Qe3+ 21. Rf2 dxe4 22. Bc7 Nc6 23. Qxb7 Nxd4 24. Kf1 Bc6 25. Qa6 exf3 26. gxf3 Bxf3 27. Bxf3 Nxf3 28. Qc6 0-1

[Event "DVM U12w 2024"]
[Site "Bad Homburg"]
[Date "2024.12.29"]
[Round "6"]
[White "Winkler, Frida"]
[Black "Fruth, Julia"]
[Result "1-0"]
[ECO "B07"]
[WhiteElo "1555"]
[BlackElo "1614"]
[Annotator "NA RC"]
[PlyCount "77"]
[EventDate "2024.12.23"]
[EventType "team-tourn"]
[EventRounds "7"]
[EventCountry "GER"]
[SourceTitle "playchess.com"]
[Source "ChessBase"]
[SourceQuality "1"]
[TimeControl "40/5400+30:1800+30"]

1. d4 Nf6 2. Bf4 g6 3. Nc3 Bg7 4. e4 d6 5. Qd2 Nbd7 6. O-O-O O-O 7. e5 Ne8 8. Bh6 b6 9. Bxg7 Kxg7 10. g4 Bb7 11. f3 a5 12. h4 a4 13. a3 c5 14. dxc5 bxc5 15. exd6 exd6 16. h5 Nef6 17. hxg6 Nxg4 18. Rxh7+ Kxg6 19. Bd3+ f5 20. fxg4 Kxh7 21. Bxf5+ Kg7 22. Qxd6 Qg5+ 23. Kb1 Nf6 24. Qxc5 Nxg4 25. Rd7+ Rf7 26. Rxf7+ Kxf7 27. Qc4+ Kf6 28. Bxg4 Rg8 29. Qe6+ Kg7 30. Nh3 Qf6 31. Qd7+ Qf7 32. Qxa4 Qf1+ 33. Ka2 Qf7+ 34. b3 Qg6 35. Bd1 Qg3 36. Qd7+ Kh8 37. Qd4+ Kh7 38. Nf2 Rc8 39. Nfe4 1-0

[Event "DVM U12w 2024"]
[Site "Bad Homburg"]
[Date "2024.12.29"]
[Round "6"]
[White "Ramien, Eva"]
[Black "Subocz, Barbara"]
[Result "1/2-1/2"]
[ECO "C50"]
[WhiteElo "1542"]
[BlackElo "1623"]
[Annotator "NA RC"]
[PlyCount "88"]
[EventDate "2024.12.23"]
[EventType "team-tourn"]
[EventRounds "7"]
[EventCountry "GER"]
[SourceTitle "playchess.com"]
[Source "ChessBase"]
[SourceQuality "1"]
[TimeControl "40/5400+30:1800+30"]

1. e4 e5 2. Nf3 Nc6 3. Bc4 Nf6 4. d3 Bc5 5. Nc3 d6 6. h3 h6 7. Bd2 Be6 8. Bb3 Na5 9. Na4 Nxb3 10. axb3 Bb6 11. Nxb6 axb6 12. Rxa8 Qxa8 13. O-O O-O 14. Qa1 Qd8 15. Qc1 Kh7 16. Re1 Ng8 17. d4 exd4 18. Nxd4 Qf6 19. Nxe6 fxe6 20. Rf1 Qg6 21. Qe1 e5 22. f4 exf4 23. Rxf4 Rxf4 24. Bxf4 Qf6 25. Bc1 Qd4+ 26. Kh1 Nf6 27. e5 dxe5 28. c3 Qd5 29. b4 c5 30. bxc5 bxc5 31. Qf1 Qb3 32. Kh2 Qc2 33. Qe1 e4 34. Be3 c4 35. Bd4 b5 36. Qf1 Qd3 37. Qf5+ Kg8 38. Qe6+ Kh7 39. Bxf6 gxf6 40. Qf7+ Kh8 41. Qf8+ Kh7 42. Qf7+ Kh8 43. Qf8+ Kh7 44. Qf7+ Kh8 1/2-1/2

[Event "DVM U12w 2024"]
[Site "Bad Homburg"]
[Date "2024.12.29"]
[Round "6"]
[White "Bacakova, Klara"]
[Black "Klymenko, Mariia"]
[Result "1/2-1/2"]
[ECO "C00"]
[WhiteElo "1539"]
[BlackElo "1625"]
[Annotator "NA RC"]
[PlyCount "61"]
[EventDate "2024.12.23"]
[EventType "team-tourn"]
[EventRounds "7"]
[EventCountry "GER"]
[SourceTitle "playchess.com"]
[Source "ChessBase"]
[SourceQuality "1"]
[TimeControl "40/5400+30:1800+30"]

1. e4 e6 2. d3 d5 3. Nd2 b6 4. Ngf3 Bb7 5. g3 Nf6 6. e5 Nfd7 7. d4 c5 8. c3 Nc6 9. Bg2 Be7 10. O-O Qc7 11. Re1 O-O-O 12. a3 g5 13. b4 c4 14. Nf1 Rdg8 15. a4 Kb8 16. Ba3 Nf8 17. b5 Na5 18. N3d2 Bxa3 19. Rxa3 g4 20. Ne3 h5 21. Rf1 Qe7 22. Ra2 Qg5 23. Qe2 h4 24. f4 Qh5 25. h3 gxh3 26. Qxh5 Rxh5 27. Bf3 Rhh8 28. g4 Ng6 29. Bd1 Bc8 30. Kh2 Bd7 31. Kxh3 1/2-1/2

[Event "DVM U12w 2024"]
[Site "Bad Homburg"]
[Date "2024.12.29"]
[Round "6"]
[White "Huang, Jasmin Shuya"]
[Black "Kuebart, Ela Marie"]
[Result "1/2-1/2"]
[ECO "C01"]
[WhiteElo "1523"]
[BlackElo "1561"]
[Annotator "NA RC"]
[PlyCount "54"]
[EventDate "2024.12.23"]
[EventType "team-tourn"]
[EventRounds "7"]
[EventCountry "GER"]
[SourceTitle "playchess.com"]
[Source "ChessBase"]
[SourceQuality "1"]
[TimeControl "40/5400+30:1800+30"]

1. e4 e6 2. d4 d5 3. exd5 exd5 4. Nf3 Nf6 5. Bg5 Bd6 6. Bd3 Be6 7. c3 Nbd7 8. Nbd2 c6 9. Qc2 Qc7 10. O-O O-O 11. Rae1 h6 12. Bh4 Rfe8 13. Nb3 Bg4 14. Nbd2 Bf4 15. Bg3 Nh5 16. Bf5 Nxg3 17. fxg3 Bxd2 18. Nxd2 Bxf5 19. Qxf5 Nf6 20. Qf4 Qxf4 21. gxf4 Rxe1 22. Rxe1 Re8 23. Rxe8+ Nxe8 24. Kf2 f5 25. h3 Nd6 26. Nf3 Ne4+ 27. Ke3 Kf7 1/2-1/2

[Event "DVM U12w 2024"]
[Site "Bad Homburg"]
[Date "2024.12.29"]
[Round "6"]
[White "Wolf, Aurelia"]
[Black "Raghavan, Madhushri"]
[Result "0-1"]
[ECO "C54"]
[WhiteElo "1471"]
[BlackElo "1410"]
[Annotator "NA RC"]
[PlyCount "148"]
[EventDate "2024.12.23"]
[EventType "team-tourn"]
[EventRounds "7"]
[EventCountry "GER"]
[SourceTitle "playchess.com"]
[Source "ChessBase"]
[SourceQuality "1"]
[TimeControl "40/5400+30:1800+30"]

1. e4 e5 2. Nf3 Nc6 3. Bc4 Bc5 4. c3 Nf6 5. d4 exd4 6. cxd4 Bb4+ 7. Nbd2 Nxe4 8. O-O Nxd2 9. Re1+ Ne7 10. Bxd2 Bxd2 11. Qxd2 O-O 12. Rac1 d5 13. Bd3 Nc6 14. Ne5 Nxd4 15. Bxh7+ Kxh7 16. Qxd4 c6 17. Ng4 Qh4 18. h3 Bxg4 19. hxg4 Qf6 20. Qb4 b6 21. Qc3 Qxc3 22. Rxc3 c5 23. Re7 Kg6 24. Ra3 d4 25. Raxa7 Rxa7 26. Rxa7 Re8 27. Kf1 d3 28. Rd7 c4 29. Rd4 Kg5 30. b3 Rh8 31. f3 cxb3 32. axb3 Rh1+ 33. Kf2 Rd1 34. Ke3 d2 35. Rxd2 Rxd2 36. Kxd2 Kf4 37. Kd3 Kg3 38. Kc4 Kxg2 39. g5 Kxf3 40. Kb5 Kf4 41. Kxb6 Kxg5 42. Kc6 f5 43. b4 f4 44. b5 f3 45. b6 f2 46. b7 f1=Q 47. b8=Q Qf6+ 48. Kc5 Qc3+ 49. Kd5 Qf3+ 50. Kd4 Qf4+ 51. Qxf4+ Kxf4 52. Kd3 Kf3 53. Kd4 g5 54. Kd5 g4 55. Ke5 g3 56. Kd5 g2 57. Kd4 g1=Q+ 58. Ke5 Qe1+ 59. Kd5 Kf4 60. Kd4 Qe4+ 61. Kc5 Qd3 62. Kc6 Ke5 63. Kc5 Qd5+ 64. Kb4 Qc6 65. Kb3 Kd4 66. Kb2 Kd3 67. Kb1 Kd2 68. Kb2 Qc2+ 69. Ka3 Qb1 70. Ka4 Kc3 71. Ka5 Kc4 72. Ka6 Kc5 73. Ka7 Kc6 74. Ka8 Qb7# 0-1

[Event "DVM U12w 2024"]
[Site "Bad Homburg"]
[Date "2024.12.29"]
[Round "6"]
[White "Briese, Sophie"]
[Black "Frenzel, Qorianka"]
[Result "1-0"]
[ECO "C56"]
[WhiteElo "1465"]
[BlackElo "1568"]
[Annotator "NA RC"]
[PlyCount "128"]
[EventDate "2024.12.23"]
[EventType "team-tourn"]
[EventRounds "7"]
[EventCountry "GER"]
[SourceTitle "playchess.com"]
[Source "ChessBase"]
[SourceQuality "1"]
[TimeControl "40/5400+30:1800+30"]

1. e4 e5 2. Nf3 Nc6 3. Bc4 Nf6 4. d4 exd4 5. O-O Be7 6. e5 Ne4 7. Bf4 O-O 8. Nxd4 d5 9. Nxc6 bxc6 10. Be2 Bc5 11. Nd2 Be6 12. Nxe4 dxe4 13. Ba6 Rb8 14. b3 Re8 15. Qxd8 Rexd8 16. Rad1 Bd4 17. Kh1 Bc8 18. Bc4 Bg4 19. Rde1 Bf5 20. e6 fxe6 21. Bxc7 Bc3 22. Re2 Rbc8 23. Bxd8 Rxd8 24. Re3 Bf6 25. f3 Bd4 26. Rd1 Bb6 27. Rxd8+ Bxd8 28. fxe4 Bb6 29. Rf3 Bg4 30. Rf4 h5 31. h3 Bd1 32. Bxe6+ Kh7 33. c4 Bc2 34. Bd7 c5 35. e5 Bc7 36. Rf2 Bg6 37. e6 Bd8 38. Re2 Be7 39. a3 a5 40. Bc8 Be8 41. Bd7 Bg6 42. b4 cxb4 43. axb4 axb4 44. Ba4 Bd3 45. Rd2 Bxc4 46. Rd7 Bf6 47. e7 Bf7 48. Rb7 b3 49. Bxb3 Bxe7 50. Bxf7 Bf6 51. Rb5 g6 52. g4 hxg4 53. hxg4 Kg7 54. Be8 Kh6 55. Rb6 Kg5 56. Kg2 Bd8 57. Rxg6+ Kf4 58. Rg8 Bg5 59. Rf8+ Kxg4 60. Bd7+ Kh5 61. Kf3 Kg6 62. Kg4 Kg7 63. Rc8 Be7 64. Kf5 Bf8 1-0

[Event "DVM U12w 2024"]
[Site "Bad Homburg"]
[Date "2024.12.29"]
[Round "6"]
[White "Helbig, Frieda"]
[Black "Doberchak, Emily Alice"]
[Result "0-1"]
[ECO "C56"]
[WhiteElo "1443"]
[BlackElo "1106"]
[Annotator "NA RC"]
[PlyCount "88"]
[EventDate "2024.12.23"]
[EventType "team-tourn"]
[EventRounds "7"]
[EventCountry "GER"]
[SourceTitle "playchess.com"]
[Source "ChessBase"]
[SourceQuality "1"]
[TimeControl "40/5400+30:1800+30"]

1. e4 e5 2. Nf3 Nc6 3. d4 exd4 4. Bc4 Nf6 5. e5 d5 6. Bb5 Ne4 7. Nxd4 Bd7 8. Bxc6 bxc6 9. O-O Bc5 10. f3 Ng5 11. f4 Ne6 12. Be3 O-O 13. Nd2 Nxd4 14. Bxd4 Bxd4+ 15. Kh1 f6 16. c3 Bb6 17. Nf3 Bg4 18. h3 Bxf3 19. Rxf3 fxe5 20. fxe5 Rxf3 21. Qxf3 Qf8 22. Qg4 Qe7 23. Qg3 Rf8 24. Rd1 Rf2 25. Rb1 Re2 26. a4 Qxe5 27. Qd3 Qe4 28. Qxe4 dxe4 29. b4 a5 30. bxa5 Bxa5 31. Kh2 Bxc3 32. Kg3 Re1 33. Kg4 Rxb1 34. Kf5 e3 35. Ke6 e2 36. Kd7 e1=Q 37. Kxc7 Ra1 38. Kxc6 Rxa4 39. Kb5 Rf4 40. Kb6 Qe6+ 41. Kb5 Qe5+ 42. Kb6 Rf6+ 43. Kb7 Qe7+ 44. Kb8 Rf8# 0-1

[Event "DVM U12w 2024"]
[Site "Bad Homburg"]
[Date "2024.12.29"]
[Round "6"]
[White "Winkler, Anni"]
[Black "Elsayed Esam, Sally"]
[Result "0-1"]
[ECO "B12"]
[WhiteElo "1404"]
[BlackElo "1563"]
[Annotator "NA RC"]
[PlyCount "49"]
[EventDate "2024.12.23"]
[EventType "team-tourn"]
[EventRounds "7"]
[EventCountry "GER"]
[SourceTitle "playchess.com"]
[Source "ChessBase"]
[SourceQuality "1"]
[TimeControl "40/5400+30:1800+30"]

1. e4 c6 2. d4 d5 3. e5 c5 4. c3 e6 5. Be3 Ne7 6. a3 cxd4 7. cxd4 Nf5 8. Bd2 a6 9. Nc3 Nc6 10. Nf3 h6 11. Bd3 Nfxd4 12. Nxd4 Nxd4 13. b4 Bd7 14. Be3 Nc6 15. Bf4 Be7 16. Qd2 Bg5 17. O-O Nxe5 18. Bxg5 hxg5 19. Rfe1 Nxd3 20. Qxd3 Kf8 21. Rad1 Qc7 22. g3 Rc8 23. Rc1 Qc4 24. Qf3 Qb3 25. Qe3 0-1

[Event "DVM U12w 2024"]
[Site "Bad Homburg"]
[Date "2024.12.29"]
[Round "6"]
[White "Ulianova, Anna"]
[Black "Bykov, Sophia"]
[Result "1-0"]
[ECO "C36"]
[WhiteElo "1267"]
[BlackElo "1033"]
[Annotator "NA RC"]
[PlyCount "73"]
[EventDate "2024.12.23"]
[EventType "team-tourn"]
[EventRounds "7"]
[EventCountry "GER"]
[SourceTitle "playchess.com"]
[Source "ChessBase"]
[SourceQuality "1"]
[TimeControl "40/5400+30:1800+30"]

1. e4 e5 2. f4 d5 3. exd5 exf4 4. Nf3 Nf6 5. Bc4 Bd6 6. O-O O-O 7. d4 c6 8. Ne5 cxd5 9. Bd3 Qb6 10. Nf3 Bg4 11. c3 Bxf3 12. Qxf3 Nc6 13. Rf2 Ne5 14. dxe5 Bc5 15. exf6 Rae8 16. Kf1 Bxf2 17. Qxf2 Qxf6 18. Nd2 Re3 19. Bb1 Rfe8 20. Nf3 Re2 21. Qxa7 g5 22. h3 h5 23. Bd3 R2e7 24. Bb5 Rd8 25. Qd4 Qe6 26. Bd2 Qf5 27. Bd3 Qd7 28. Nxg5 Re4 29. Bxe4 dxe4 30. Qxd7 Rxd7 31. Bxf4 Re7 32. Re1 f5 33. a4 Kg7 34. a5 Kg6 35. Rd1 e3 36. Rd6+ Kg7 37. Ke2 1-0

[Event "DVM U12w 2024"]
[Site "Bad Homburg"]
[Date "2024.12.29"]
[Round "6"]
[White "Reuber, Ella"]
[Black "Doescher, Nayla"]
[Result "1-0"]
[ECO "D38"]
[WhiteElo "1188"]
[BlackElo "1437"]
[Annotator "NA RC"]
[PlyCount "115"]
[EventDate "2024.12.23"]
[EventType "team-tourn"]
[EventRounds "7"]
[EventCountry "GER"]
[SourceTitle "playchess.com"]
[Source "ChessBase"]
[SourceQuality "1"]
[TimeControl "40/5400+30:1800+30"]

1. d4 d5 2. c4 e6 3. Nf3 Nf6 4. Nc3 Bb4 5. Bg5 Bxc3+ 6. bxc3 h6 7. Bxf6 Qxf6 8. e3 O-O 9. cxd5 exd5 10. Be2 Nd7 11. O-O b6 12. Rb1 Rd8 13. Qc2 Nf8 14. Rfe1 Be6 15. Bb5 Rac8 16. Ne5 Bf5 17. Bd3 Bxd3 18. Qxd3 c5 19. Rbc1 c4 20. Qe2 Ng6 21. Nxg6 Qxg6 22. Qf3 Qe4 23. Qxe4 dxe4 24. Rb1 Rd5 25. Rb4 Ra5 26. Rb2 Ra3 27. Rc2 Rd8 28. Rd1 Rd5 29. h3 Kf8 30. Kh2 g5 31. f3 exf3 32. gxf3 f6 33. e4 Rd8 34. Kg3 Kf7 35. Kg4 Kg6 36. d5 Ra5 37. f4 h5+ 38. Kf3 Re8 39. fxg5 fxg5 40. Rg2 Ra3 41. Rc1 h4 42. Ke3 b5 43. Kd4 Ra6 44. Rcg1 Kf6 45. Rxg5 Rxa2 46. Rf5+ Ke7 47. Re5+ Kd8 48. Rxe8+ Kxe8 49. Rg7 a6 50. d6 a5 51. Kc5 a4 52. d7+ Kd8 53. Kc6 Rd2 54. e5 a3 55. e6 Rxd7 56. Rxd7+ Ke8 57. Kxb5 a2 58. Ra7 1-0

[Event "DVM U12w 2024"]
[Site "Bad Homburg"]
[Date "2024.12.29"]
[Round "6"]
[White "Andreeva, Katharina"]
[Black "Werner, Amelie"]
[Result "1/2-1/2"]
[ECO "B22"]
[WhiteElo "1164"]
[BlackElo "1525"]
[Annotator "NA RC"]
[PlyCount "84"]
[EventDate "2024.12.23"]
[EventType "team-tourn"]
[EventRounds "7"]
[EventCountry "GER"]
[SourceTitle "playchess.com"]
[Source "ChessBase"]
[SourceQuality "1"]
[TimeControl "40/5400+30:1800+30"]

1. e4 c5 2. d4 cxd4 3. c3 d5 4. exd5 Qxd5 5. cxd4 e6 6. Nc3 Qd8 7. Nf3 Nf6 8. Bf4 Bb4 9. Qa4+ Nc6 10. Bb5 Be7 11. Ne5 O-O 12. Nxc6 bxc6 13. Bxc6 Bd7 14. Bxd7 Qxd7 15. Qxd7 Nxd7 16. O-O Nf6 17. Rfe1 Bb4 18. Rac1 Nd5 19. Bd2 Rac8 20. Rc2 Rc4 21. Rec1 Rxd4 22. a3 Bxc3 23. Bxc3 Nxc3 24. Rxc3 Rfd8 25. Re3 Rd1+ 26. Re1 R1d2 27. Rb1 Kf8 28. Rec1 h6 29. b4 Ra2 30. Rb3 g5 31. b5 Rb8 32. g3 a6 33. b6 Rd2 34. b7 Rdd8 35. Rc6 Ke7 36. Rxa6 Kd7 37. Rab6 Kc7 38. a4 Rd5 39. R6b4 Kc6 40. Rc3+ Rc5 41. Rxc5+ Kxc5 42. Rb2 Kc6 1/2-1/2

[Event "DVM U12w 2024"]
[Site "Bad Homburg"]
[Date "2024.12.29"]
[Round "6"]
[White "Nehrukumar, Rithika"]
[Black "Albrecht, Sidney Jenna"]
[Result "1/2-1/2"]
[ECO "B34"]
[WhiteElo "1147"]
[BlackElo "1483"]
[Annotator "NA RC"]
[PlyCount "51"]
[EventDate "2024.12.23"]
[EventType "team-tourn"]
[EventRounds "7"]
[EventCountry "GER"]
[SourceTitle "playchess.com"]
[Source "ChessBase"]
[SourceQuality "1"]
[TimeControl "40/5400+30:1800+30"]

1. e4 c5 2. Nf3 Nc6 3. d4 cxd4 4. Nxd4 g6 5. Be3 Bg7 6. Nxc6 bxc6 7. Bd4 e5 8. Be3 Nf6 9. Nc3 O-O 10. Bc4 Bb7 11. Qd6 Ne8 12. Qd2 d6 13. O-O Nf6 14. Bb3 d5 15. exd5 cxd5 16. Bc5 Re8 17. Rfe1 Qa5 18. Bd6 d4 19. Nb1 Qxd2 20. Nxd2 Nh5 21. Rad1 Rad8 22. Bc5 a6 23. Nc4 Nf4 24. f3 d3 25. Bd6 Bd5 26. cxd3 1/2-1/2

[Event "DVM U12w 2024"]
[Site "Bad Homburg"]
[Date "2024.12.29"]
[Round "6"]
[White "Du, Vivian"]
[Black "Ising, Svea"]
[Result "1-0"]
[ECO "C54"]
[WhiteElo "1144"]
[BlackElo "1221"]
[Annotator "NA RC"]
[PlyCount "43"]
[EventDate "2024.12.23"]
[EventType "team-tourn"]
[EventRounds "7"]
[EventCountry "GER"]
[SourceTitle "playchess.com"]
[Source "ChessBase"]
[SourceQuality "1"]
[TimeControl "40/5400+30:1800+30"]

1. e4 e5 2. Nf3 Nc6 3. Bc4 Bc5 4. d3 h6 5. c3 Nf6 6. d4 exd4 7. cxd4 Bb4+ 8. Nc3 Nxe4 9. Qb3 Bxc3+ 10. bxc3 O-O 11. O-O d6 12. h3 Na5 13. Qa4 Nxc4 14. Qxc4 d5 15. Qb3 Re8 16. Bf4 c5 17. Rad1 Qf6 18. Be5 c4 19. Qb5 Qg6 20. Qxe8+ Kh7 21. Nh4 Qh5 22. Qe7 1-0

[Event "DVM U12w 2024"]
[Site "Bad Homburg"]
[Date "2024.12.29"]
[Round "6"]
[White "Weißleder, Emia"]
[Black "Haas, Valentina"]
[Result "1-0"]
[ECO "D00"]
[WhiteElo "1118"]
[BlackElo "974"]
[Annotator "NA"]
[PlyCount "93"]
[EventDate "2024.12.23"]
[EventType "team-tourn"]
[EventRounds "7"]
[EventCountry "GER"]
[SourceTitle "playchess.com"]
[Source "ChessBase"]
[SourceQuality "1"]
[TimeControl "40/5400+30:1800+30"]

1. d4 d5 2. Nc3 Nf6 3. Bf4 e6 4. f3 Bd6 5. Bxd6 Qxd6 6. g4 a6 7. h4 c5 8. e3 Bd7 9. Qd2 h6 10. O-O-O c4 11. Nh3 Bb5 12. g5 Nh5 13. Rg1 Ng3 14. gxh6 Rxh6 15. Nf4 Nxf1 16. Rdxf1 g6 17. h5 gxh5 18. Rg8+ Ke7 19. Qg2 Be8 20. Qg5+ Rf6 21. Qxh5 Rf5 22. Qh8 Nc6 23. Rfg1 e5 24. Nfxd5+ Ke6 25. Rxe8+ Rxe8 26. Qxe8+ Ne7 27. Nxe7 Qxe7 28. Qxe7+ Kxe7 29. d5 Rxf3 30. Rd1 Rxe3 31. d6+ Kd7 32. Nd5 Rg3 33. Nf6+ Kd8 34. d7 Rg6 35. Ne4 Rc6 36. Ng5 Rf6 37. Rd5 Rf5 38. Ne4 f6 39. Nc5 Rf1+ 40. Kd2 Rf2+ 41. Ke3 Rxc2 42. Nxb7+ Kc7 43. d8=Q+ Kxb7 44. Qd7+ Kb6 45. Qe6+ Kc7 46. Rd7+ Kc8 47. Qe8# 1-0